 Dungeon Crawl Stone Soup version 0.25-a0-610-gd0df705f03 (webtiles) character file.

Game seed: 539798795068167107, levelgen mode: deterministic

34 n0claF the Shooter (level 3, 0/28 HPs)
             Began as a Human Hunter on Mar 16, 2020.
             Succumbed to an adder's poison
             ... on level 1 of the Dungeon.
             The game lasted 00:02:09 (955 turns).

n0claF the Shooter (Human Hunter)                    Turns: 955, Time: 00:02:10

Health: 0/28       AC:  3    Str: 13    XL:     3   Next: 50%
Magic:  3/3        EV: 12    Int: 11    God:
Gold:   13         SH:  0    Dex: 13    Spells: 2/2 levels left

rFire    . . .     SeeInvis .   b - +0 short sword
rCold    . . .     Gourm    .   (no shield)
rNeg     . . .     Faith    .   c - +0 leather armour
rPois    .         Spirit   .   (no helmet)
rElec    .         Reflect  .   (no cloak)
rCorr    .         Harm     .   (no gloves)
MR       .....                  (no boots)
Stlth    +++.......             (no amulet)
HPRegen  0.09/turn              g - ring of stealth
MPRegen  0.08/turn              (no ring)

@: lethally poisoned (0 -> -5), berserk cooldown, slowed, very slow
A: no striking features
a: no special abilities


You were on level 1 of the Dungeon.
You were not hungry.

You visited 1 branch of the dungeon, and saw 2 of its levels.

You collected 13 gold pieces.

Inventory:

Hand Weapons
 a - a +1 shortbow
 b - a +0 short sword (weapon)
Missiles
 d - 20 arrows
Armour
 c - a +0 leather armour (worn)
Jewellery
 g - a ring of stealth (left hand)
   (You found it on level 1 of the Dungeon)
Scrolls
 h - 3 scrolls of remove curse {unknown}
Potions
 i - a potion of berserk rage
Comestibles
 e - 2 rations {!d}


   Skills:
 + Level 2.4 Fighting
 * Level 4.5 Bows
 - Level 2.0 Dodging
 + Level 1.8 Stealth


You had 2 spell levels left.
You didn't know any spells.
Your spell library was empty.

Dungeon Overview and Level Annotations

Branches:
Dungeon (2/15)

Altars:


Message History

The adder poisons you!
You hit the adder.
You feel sick. The adder bites you but does no damage.
You barely miss the adder.
You feel sick. The adder closely misses you.
You closely miss the adder. The adder bites you.
* * * LOW HITPOINT WARNING * * *
The adder bites you.
* * * LOW HITPOINT WARNING * * *
You are lethally poisoned!
The adder poisons you!
* * * LOW HITPOINT WARNING * * *
You feel sick.
* * * LOW HITPOINT WARNING * * *
You feel sick. The bat hits you but does no damage. The adder misses you.
The adder closely misses you.
* * * LOW HITPOINT WARNING * * *
You feel sick. The bat hits you but does no damage.
* * * LOW HITPOINT WARNING * * *
You feel sick. The bat misses you.
* * * LOW HITPOINT WARNING * * *
You feel sick. The bat hits you but does no damage.
The adder bites you but does no damage. The bat barely misses you.
There is a stone staircase leading up here.
The bat closely misses you. The adder bites you but does no damage.
The adder bites you.
* * * LOW HITPOINT WARNING * * *
You climb upwards.
* * * LOW HITPOINT WARNING * * *
You feel sick.
There is a stone staircase leading down here.
It was a potion of berserk rage.
A red film seems to cover your vision as you go berserk!
You feel yourself moving faster!
You feel mighty!
* * * LOW HITPOINT WARNING * * *
You feel sick. The adder bites you.
* * * LOW HITPOINT WARNING * * *
Unknown command.
You hit the adder.
You kill the adder!
Unknown command.
* * * LOW HITPOINT WARNING * * *
You feel sick.
You feel a strong urge to attack something.
Unknown command.
* * * LOW HITPOINT WARNING * * *
You feel sick.
You feel your anger nearly subside.
You are no longer berserk.
You are exhausted.
You feel yourself slow down.
Unknown command.
You die...

#.######.##(.# #.#.#.
#........##(.## #.#..(
#.####....(...# #.###. #.#
#.##.....# #.##≈≈ #.#
#.##...(.# #.##≈. ###.#
#.###.#..######.##≈.
#...####.# #.#.........##≈8
#.#.##...###.#.##########≈.
#.#......†@....# #≈.
#.####.#####.### #≈. #.#
#.####...#### #≈. #.#
#...........# #≈. #.#
#..###...##.########≈. #.#
#..# ##.###.........≈. #.#
#..####.###..##...##≈.
#.####..##.#>..........##≈.
#.#.........####..##.....≈.


There were no monsters in sight!

Vanquished Creatures
  An adder (D:1)
  A dart slug (D:1)
  A leopard gecko (D:1)
  A giant cockroach (D:1)
  2 goblins (D:1)
  3 hobgoblins (D:1)
  3 jackals (D:1)
  2 frilled lizards (D:1)
  3 kobolds (D:1)
  6 rats (D:1)
23 creatures vanquished.

Notes
Turn   | Place    | Note
-------+----------+-------------------------------------------
     0 | D:1      | n0claF the Human Hunter began the quest for the Orb.
     0 | D:1      | Reached XP level 1. HP: 16/16 MP: 1/1
   174 | D:1      | Reached XP level 2. HP: 15/22 MP: 2/2
   628 | D:1      | Reached XP level 3. HP: 28/28 MP: 3/3
   948 | D:1      | HP: 2/42 [adder (3)]
   955 | D:1      | Succumbed to an adder's poison

Levels and vault maps discovered:
D:1:      lightli_arrival_isolated_outpost, layout_loops_ring
D:2:      layout_rooms, grunt_gozag_breadcrumbs, first_ration

Action                   || total
-------------------------++-------
Melee: Short sword       ||    80
  Use: Potion            ||     1
 Stab: Sleeping          ||     6
Armor: Leather armour    ||    21
Dodge: Dodged            ||    65

Table legend:
 A = Non-vault XP
 B = Vault XP
 C = Vault XP percentage of total XP
 D = Non-vault monster count
 E = Vault monster count
 F = Vault count percentage of total count
                 A         B        C        D         E       F
            +---------+---------+-------+---------+---------+-------
      Total |      49 |       0 |   0.0 |      23 |       0 |   0.0
            +---------+---------+-------+---------+---------+-------
        D:1 |      49 |       0 |   0.0 |      23 |       0 |   0.0
            +---------+---------+-------+---------+---------+-------
